 Dungeon Crawl Stone Soup version 0.19-a0-1834-g6b7851e (webtiles) character file.

4767 holy777 the Blocker (level 10, -2/74 HPs)
             Began as a Vampire Fighter on Oct 9, 2016.
             Was a Believer of Qazlal.
             Slain by a hill giant
             ... wielding a +0 giant club
              (38 damage)
             ... on level 10 of the Dungeon.
             The game lasted 00:26:41 (8302 turns).

holy777 the Blocker (Vampire Fighter)               Turns: 8302, Time: 00:26:42

Health: -2/74      AC: 13    Str: 18    XL:     10   Next: 23%
Magic:  10/10      EV:  6    Int: 12    God:    Qazlal [**....]
Gold:   272        SH: 20    Dex: 15    Spells: 0 memorised, 9 levels left

rFire  . . .     SeeInvis +     a - +2 trident
rCold  . . .     Gourm    .     q - +2 scale mail {rPois}
rNeg   . . .     Faith    .     p - +0 large shield
rPois  +         Spirit   .     (helmet restricted)
rElec  .         Dismiss  .     (no cloak)
rCorr  .         Reflect  .     b - +2 pair of gloves {archery}
MR     ++...     Harm     .     (no boots)
Stlth  .......... Rnd*Tele +    (no amulet)
                                w - ring of protection from magic
                                h - +2 ring of dexterity

@: regenerating quickly
A: antennae 1, fangs 3, see invisible, teleportitis 1, unbreathing
a: Upheaval, Renounce Religion


You were on level 10 of the Dungeon.
You worshipped Qazlal.
Qazlal was pleased with you.
You were very full.

You visited 1 branch of the dungeon, and saw 10 of its levels.

You collected 510 gold pieces.
You spent 238 gold pieces at shops.

Inventory:

Hand Weapons
 a - a +2 trident (weapon)
Missiles
 n - 9 tomahawks (quivered)
Armour
 b - a +2 pair of gloves of archery (worn)
 p - a +0 large shield (worn)
 q - a +2 scale mail of poison resistance (worn)
 s - a +1 helmet
Rods
 o - a +1 rod of ignition (10/10)
   (You took it off an orc priest on level 6 of the Dungeon)
Jewellery
 h - a +2 ring of dexterity (left hand)
 w - a ring of protection from magic (right hand)
 C - an uncursed ring of magical power
Wands
 c - a wand of disintegration (16/24)
 g - a wand of confusion (23/48)
 k - a wand of slowing (20/48)
 r - a wand of slowing (33/48)
 t - a wand of confusion (17/48)
 y - a wand of digging (9/24)
Scrolls
 u - 5 scrolls of identify
 v - a scroll of magic mapping {unknown}
 x - a scroll of silence {unknown}
 z - a scroll of torment {unknown}
 A - a scroll of remove curse
 B - a scroll of enchant armour
Potions
 d - a potion of heal wounds
 f - 3 potions of lignification
 i - a potion of brilliance
 j - a potion of agility
 l - 2 potions of haste
 m - 5 potions of curing
Books
 e - a book of Cantrips

   Spells                             Type                      Level
   a - Confusing Touch                Hexes                        1
   b - Animate Skeleton               Necromancy                   1
   c - Summon Small Mammal            Summoning                    1
   d - Apportation                    Translocation                1


   Skills:
 + Level 5.0 Fighting
 + Level 7.1 Polearms
 + Level 1.3 Throwing
 * Level 6.9 Armour
 * Level 9.0 Shields


You had 9 spell levels left.
You didn't know any spells.

Dungeon Overview and Level Annotations

Branches:
Dungeon (10/15)            Temple (0/1) D:5
   Lair: D:8-11         Orc: D:9-12

Altars:
Ashenzari
Cheibriados
Elyvilon
Hepliaklqana
Kikubaaqudgha
Qazlal
Yredelemnul
Zin

Shops:
D:6 [   D:7 *

Annotations:
D:4 Iwannabefree's ghost, amateur CeAM
D:8 wazuzu's ghost, novice DrTm


Innate Abilities, Weirdness & Mutations

Your natural rate of healing is unusually fast.
You have razor-sharp teeth.
You have supernaturally acute eyesight. (SInv)
You can survive without breathing.
You have a pair of small antennae on your head.
You are occasionally teleported next to monsters.


Message History

You block the bullfrog zombie's attack.
You hit the bullfrog zombie.
You bite the bullfrog zombie, but do no damage.
The bullfrog zombie is moderately damaged.
You block the bullfrog zombie's attack.
You puncture the bullfrog zombie! You bite the bullfrog zombie.
You destroy the bullfrog zombie!
Qazlal accepts your kill.
No target in view!
No target in view!
No target in view!
A hill giant comes into view. It is wielding a giant club.
The hill giant hits you with a giant club!!!
Ouch! That really hurt!
You barely miss the hill giant. You hit the hill giant.
Your bite misses the hill giant.
The hill giant is lightly wounded.
The hill giant hits you with a giant club!!!
Ouch! That really hurt!
You die...

#.# #.#
#..... #.#
....^. #.#
.....
#.###########
#....
#...........#
...#
###########[#
..## #.##C..#
#..@...#
######.<[..
... #


You could see a hill giant.

Vanquished Creatures
  Prince Ribbit (D:7)
  3 hippogriffs
  Sigmund (D:2)
  A vampire (D:9)
  A hungry ghost (D:9)
  2 water moccasins
  A hornet zombie (D:7)
  3 orc warriors
  A black bear (D:6)
  An ice beast (D:8)
  A sky beast (D:8)
  4 phantoms
  A necrophage (D:6)
  5 ogres
  3 centaurs
  A big kobold (D:7)
  3 bullfrogs
  3 scorpions
  A water moccasin skeleton (D:8)
  2 howler monkeys (D:7)
  A crimson imp (D:5)
  2 bullfrog zombies
  A centaur zombie (D:7)
  4 hounds
  3 orc priests (D:6)
  A bullfrog skeleton (D:5)
  An orc wizard (D:6)
  Jessica (D:2)
  2 iguanas
  Natasha (thrice) (D:4)
  8 worker ants
  A hound zombie (D:5)
  A mummy (D:4)
  Robin (D:2)
  10 gnolls
  A howler monkey skeleton (D:5)
  12 adders
  A shadow imp (D:6)
  3 worms
  3 adder skeletons
  A dart slug (D:4)
  20 orcs
  A ball python (D:1)
  6 bats
  6 giant cockroaches
  13 hobgoblins
  6 jackals (D:2)
  4 quokkas
  5 frilled lizards
  13 goblins
  A goblin zombie (D:4)
  A hobgoblin zombie (D:4)
  15 kobolds
  3 quokka skeletons
  8 rats
202 creatures vanquished.

Notes
Turn   | Place    | Note
-------+----------+-------------------------------------------
     0 | D:1      | holy777 the Vampire Fighter began the quest for the Orb.
     0 | D:1      | Reached XP level 1. HP: 17/17 MP: 1/1
    57 | D:1      | Reached XP level 2. HP: 14/23 MP: 2/2
   353 | D:1      | Reached XP level 3. HP: 21/29 MP: 3/3
   514 | D:1      | Reached skill level 3 in Shields
   862 | D:2      | Noticed Robin
   889 | D:2      | Killed Robin
   895 | D:2      | Reached XP level 4. HP: 24/35 MP: 4/4
  1283 | D:2      | Noticed Sigmund
  1296 | D:2      | Killed Sigmund
  1296 | D:2      | Reached skill level 4 in Shields
  1296 | D:2      | Reached XP level 5. HP: 39/41 MP: 5/5
  1417 | D:2      | Noticed Jessica
  1426 | D:2      | Killed Jessica
  1426 | D:2      | Reached XP level 6. HP: 47/47 MP: 6/6
  2316 | D:3      | Found a stormy altar of Qazlal.
  2324 | D:3      | Became a worshipper of Qazlal Stormbringer
  2366 | D:4      | Noticed Iwannabefree's ghost (amateur CeAM)
  2405 | D:5      | Entered Level 5 of the Dungeon
  3141 | D:5      | Found a staircase to the Ecumenical Temple.
  3542 | D:4      | Noticed Natasha
  3555 | D:4      | Killed Natasha
  3615 | D:4      | Found a snail-covered altar of Cheibriados.
  3929 | D:4      | Noticed Natasha
  3938 | D:4      | Killed Natasha
  3938 | D:4      | Reached XP level 7. HP: 48/52 MP: 7/7
  3960 | D:4      | Noticed Natasha
  3968 | D:4      | Killed Natasha
  4014 | D:4      | Reached * piety under Qazlal
  4111 | D:5      | Reached skill level 5 in Shields
  4665 | D:6      | Gained mutation: You are resistant to hostile enchantments. (MR+) [potion of mutation]
  4665 | D:6      | Gained mutation: You expend magic power (3 MP) to strengthen your wands. [potion of mutation]
  4665 | D:6      | Gained mutation: You have large cloven feet. [potion of mutation]
  4670 | D:6      | Gained mutation: You are occasionally teleported next to monsters. [potion of mutation]
  4670 | D:6      | Gained mutation: You have a pair of small antennae on your head. [potion of mutation]
  4691 | D:6      | Reached skill level 5 in Polearms
  4697 | D:6      | Reached XP level 8. HP: 27/60 MP: 8/8
  4872 | D:6      | Lost mutation: You have large cloven feet. [potion of cure mutation]
  4872 | D:6      | Lost mutation: You expend magic power (3 MP) to strengthen your wands. [potion of cure mutation]
  4872 | D:6      | Lost mutation: You are resistant to hostile enchantments. (MR+) [potion of cure mutation]
  4891 | D:6      | Found Cuduarom's Antique Armour Shop.
  4910 | D:6      | Bought a glowing scale mail for 112 gold pieces
  4921 | D:6      | Bought a pair of glowing gloves for 126 gold pieces
  5113 | D:6      | Reached skill level 6 in Shields
  5163 | D:6      | Found a basalt altar of Yredelemnul.
  5400 | D:7      | Reached skill level 1 in Throwing
  5400 | D:7      | Reached skill level 5 in Armour
  5440 | D:7      | Found Oqoh's General Store.
  5495 | D:7      | Found a shattered altar of Ashenzari.
  5553 | D:7      | Noticed Prince Ribbit
  5607 | D:7      | Reached ** piety under Qazlal
  5674 | D:7      | Noticed a hippogriff
  5691 | D:7      | Reached XP level 9. HP: 40/65 MP: 9/9
  5830 | D:7      | Reached skill level 7 in Shields
  5870 | D:7      | Killed Prince Ribbit
  6309 | D:8      | Noticed wazuzu's ghost (novice DrTm)
  6545 | D:8      | Reached skill level 8 in Shields
  6950 | D:8      | Found a hazy altar of Hepliaklqana.
  6957 | D:8      | Found an ancient bone altar of Kikubaaqudgha.
  7296 | D:9      | Reached XP level 10. HP: 23/73 MP: 10/10
  7615 | D:9      | Found a glowing silver altar of Zin.
  7671 | D:9      | Found a white marble altar of Elyvilon.
  7922 | D:9      | Reached skill level 5 in Fighting
  8174 | D:9      | Reached skill level 9 in Shields
  8258 | D:10     | Entered Level 10 of the Dungeon
  8300 | D:10     | Noticed a hill giant
  8302 | D:10     | Slain by a hill giant

Vault maps used:
D:1:      wheals_arrival_shading, serial_glass, glass_columns_a,
          glass_columns_a, minmay_misc_feat_alley, minmay_pentomino_w4
D:2:      first_bread, uniq_robin, uniq_sigmund, uniq_jessica
D:3:      minmay_door_path, marbit_many_paths
D:4:      cheibriados_altar_1, nicolae_ossuary_entry_giza, uniq_natasha
D:6:      lemuel_doored_altar, serial_shops,
          nicolae_shop_temple_entry_statues_fountains
D:7:      cheibrodos_ashenzari_chains, serial_shops, shop_fountains,
          uniq_prince_ribbit1
D:8:      grunt_temple_overflow_open
D:9:      elyvilon_altar_4, zin_academy
D:10:     lair_0_dummy, david_orc_1_choice

Skill      XL: |  1  2  3  4  5  6  7  8  9 10 |
---------------+-------------------------------+-----
Polearms       | 2 3 4 5 6 7 |  7.1
Fighting       | 3 4 5 |  5.0
Shields        | 3 4 5 6 8 9 |  9.0
Armour         | 3 4 5 6 |  6.9
Throwing       | 1 |  1.3

Action                   |  1- 3 |  4- 6 |  7- 9 | 10-12 || total
-------------------------+-------+-------+-------+-------++-------
Melee: Trident           |   204 |   234 |   506 |   135 ||  1079
       Bite              |    15 |    32 |    57 |    20 ||   124
       Kick              |       |       |     1 |       ||     1
Throw: Tomahawk          |       |       |    11 |     1 ||    12
 Abil: End Transformatio |       |     1 |       |       ||     1
       Bat Form          |       |     1 |       |       ||     1
  Use: Scroll            |     5 |     5 |     9 |       ||    19
       Potion            |       |     1 |    10 |       ||    11
  Eat: Corpse            |     9 |     9 |    22 |     6 ||    46
Armor: Scale mail        |    86 |    60 |   143 |    29 ||   318
Dodge: Dodged            |    46 |    21 |    62 |    18 ||   147
Block: Shield            |   109 |     2 |       |       ||   111
       Large shield      |       |   152 |   412 |    98 ||   662
